 Dungeon Crawl Stone Soup version 0.23-a0-315-ga85b81c (webtiles) character file.

36 RoseArtemis the Sneak (level 3, 0/21 HPs)
             Began as a Halfling Enchanter on Oct 13, 2018.
             Succumbed to an adder's poison
             ... on level 2 of the Dungeon.
             The game lasted 00:04:03 (1780 turns).

RoseArtemis the Sneak (Halfling Enchanter)          Turns: 1780, Time: 00:04:03

Health: 0/21       AC:  2    Str:  9    XL:     3   Next: 57%
Magic:  5/5        EV: 15    Int: 13    God:
Gold:   74         SH:  0    Dex: 15    Spells: 2/5 levels left

rFire    . . .     SeeInvis .   a - +1 dagger
rCold    . . .     Gourm    .   (shield restricted)
rNeg     . . .     Faith    .   b - +0 robe
rPois    .         Spirit   .   (no helmet)
rElec    .         Reflect  .   (no cloak)
rCorr    .         Harm     .   (no gloves)
MR       .....                  (no boots)
Stlth    +++.......             (no amulet)
HPRegen  0.07/turn              (no ring)
MPRegen  0.09/turn              (no ring)

@: lethally poisoned (0 -> -12)
A: small, mutation resistance 1
a: no special abilities


You were on level 2 of the Dungeon.
You were hungry.

You visited 1 branch of the dungeon, and saw 2 of its levels.

You collected 74 gold pieces.

Inventory:

Hand Weapons
 a - a +1 dagger (weapon)
 k - a +0 hand crossbow
Armour
 b - a +0 robe (worn)
Jewellery
 i - an uncursed ring of poison resistance {unknown}
Scrolls
 c - a scroll of fog {unknown}
 e - a scroll of teleportation {unknown}
 h - 2 scrolls of immolation {unknown}
 j - a scroll of identify {unknown}
Potions
 g - a potion of heal wounds {unknown}
Comestibles
 d - 2 rations
 f - a chunk of flesh


   Skills:
 * Level 2.6 Short Blades
 + Level 2.6 Dodging
 + Level 3.6 Stealth
 - Level 1.5 Spellcasting
 + Level 2.6 Hexes


You had 2 spell levels left.
You knew the following spells:

 Your Spells              Type           Power        Failure   Level  Hunger
a - Corona                Hex            #......      9%          1    ##.....
b - Ensorcelled Hibernat  Hex/Ice        #.....       24%         2    ###....

Your spell library contained the following spells:

 Spells                   Type           Power        Failure   Level  Hunger
 Confuse                  Hex            #.......     26%         3    ####...
 Tukima's Dance           Hex            #.......     26%         3    ####...
 Dazzling Spray           Conj/Hex       #.....       43%         3    ####...


Dungeon Overview and Level Annotations

Branches:
Dungeon (2/15)

Altars:


Innate Abilities, Weirdness & Mutations

You are small and have problems with some larger weapons.
You are somewhat resistant to further mutation.


Message History

* * * LOW HITPOINT WARNING * * *
You feel sick. The adder bites you.
* * * LOW HITPOINT WARNING * * *
You are more poisoned.
The adder poisons you!
You hit the adder but do no damage.
* * * LOW HITPOINT WARNING * * *
You feel sick. The adder bites you but does no damage.
You barely miss the adder.
* * * LOW HITPOINT WARNING * * *
You feel sick. The adder bites you.
* * * LOW HITPOINT WARNING * * *
You hit the adder but do no damage.
* * * LOW HITPOINT WARNING * * *
You feel sick. The adder completely misses you. The adder closely misses you.
You hit the adder but do no damage.
* * * LOW HITPOINT WARNING * * *
You feel sick. The adder misses you.
You hit the adder but do no damage.
You die...

###..#..# #.......#
.#.#. #.......# .#..
#.......# # b..####
#....>..###. .......
#.......... .......
#........## ####.......
##..##...#####..........
#.##......@S...........
#....#..########.......
##..####.# ....... #..##
#... ....... #..# #####
####### ####


You could see an adder.

Vanquished Creatures
  An adder (D:2)
  A dart slug (D:1)
  7 goblins
  2 hobgoblins
  4 kobolds
  5 bats
  A frilled lizard (D:1)
  3 rats
24 creatures vanquished.

Notes
Turn   | Place    | Note
-------+----------+-------------------------------------------
     0 | D:1      | RoseArtemis the Halfling Enchanter began the quest for the
                  | Orb.
     0 | D:1      | Reached XP level 1. HP: 11/11 MP: 3/3
   577 | D:1      | Reached XP level 2. HP: 17/17 MP: 4/4
  1331 | D:1      | Reached XP level 3. HP: 21/21 MP: 5/5
  1753 | D:2      | Learned a level 2 spell: Ensorcelled Hibernation
  1779 | D:2      | HP: 1/21 [poisoned by an adder]
  1780 | D:2      | Succumbed to an adder's poison

Vault maps used:
D:1:      lemuel_arrival_behind_the_door_large
D:2:      old_standard_altar, lemuel_round_altar, grunt_ministairs_2,
          trog_three_pillars_becter, uniq_robin

Skill      XL: |  1  2 |
---------------+-------+-----
Short Blades   | 2 |  2.6
Dodging        | |  2.6
Stealth        | |  3.6
Spellcasting   | |  1.5
Hexes          | |  2.6

Action                   || total
-------------------------++-------
Melee: Dagger            ||   102
 Cast: Corona            ||     2
 Stab: Sleeping          ||     6
  Eat: Chunk             ||     2
Armor: Robe              ||    17
Dodge: Dodged            ||    72

Table legend:
 A = Non-vault XP
 B = Vault XP
 C = Vault XP percentage of total XP
 D = Non-vault monster count
 E = Vault monster count
 F = Vault count percentage of total count
                 A         B        C        D         E       F
            +---------+---------+-------+---------+---------+-------
      Total |      52 |       0 |   0.0 |      24 |       0 |   0.0
            +---------+---------+-------+---------+---------+-------
        D:1 |      31 |       0 |   0.0 |      18 |       0 |   0.0
        D:2 |      21 |       0 |   0.0 |       6 |       0 |   0.0
            +---------+---------+-------+---------+---------+-------
